 Dungeon Crawl Stone Soup version 0.26-a0-490-gf8362a0c98 (webtiles) character file.

Game seed: 13225724191235566973

9 MrRokkomies the Slasher (level 2, -3/21 HPs)
             Began as an Octopode Chaos Knight on Aug 4, 2020.
             Was a Plaything of Xom.
             Killed from afar by a white imp (12 damage)
             ... with a puff of frost
             ... summoned by Xom
             ... on level 1 of the Dungeon.
             The game lasted 00:01:06 (3149 turns).

MrRokkomies the Slasher (Octopode Chaos Knight)     Turns: 3149, Time: 00:01:07

Health: -3/21      AC:  1    Str: 11    XL:     2   Next: 16%
Magic:  2/2        EV: 13    Int: 14    God:    Xom [*.....]
Gold:   17         SH:  0    Dex: 11    Spells: 1/1 levels left

rFire    . . .     SeeInvis .   a - +0 falchion (chaos)
rCold    . . .     Faith    .   (no shield)
rNeg     . . .     Spirit   .   (helmet restricted)
rPois    .         Reflect  .   (no amulet)
rElec    .         Harm     .   (no ring)
rCorr    .                      (no ring)
MR       .....                  (no ring)
Stlth    ++........             (no ring)
HPRegen  0.07/turn              (no ring)
MPRegen  0.08/turn              (no ring)
                                (no ring)
                                (no ring)

@: no status effects
A: almost no armour, stealthy swim, amphibious, 8 rings, constrict 8, camouflage
1, gelatinous body 1
a: Renounce Religion


You were on level 1 of the Dungeon.
You worshipped Xom.
You were a special plaything of Xom.
You visited 1 branch of the dungeon, and saw 1 of its levels.

You collected 17 gold pieces.

Inventory:

Hand Weapons
 a - a +0 falchion of chaos (weapon)
Missiles
 d - 12 poisoned darts (quivered)
 h - 2 javelins
Scrolls
 b - a scroll of identify {unknown}
 c - a scroll of fear {unknown}
 f - a scroll of blinking {unknown}
Potions
 e - a potion of flight {unknown}
 g - a potion of curing


   Skills:
 + Level 3.1 Fighting
 * Level 3.2 Long Blades
 * Level 2.6 Dodging
 + Level 0.7 Stealth


You had one spell level left.
You didn't know any spells.
Your spell library was empty.

Dungeon Overview and Level Annotations

Branches:
Dungeon (1/15)

Altars:
Xom


Innate Abilities, Weirdness & Mutations

You cannot wear most types of armour.
You are very stealthy in the water. (Stealth+)
You are amphibious.
You can wear up to eight rings at the same time.
You can use your tentacles to constrict eight enemies at once.
Your skin changes colour to match your surroundings (Stealth+).
Your rubbery body absorbs attacks. (AC +1, EV +1)


Message History

The white imp is heavily wounded.
You constrict the white imp.
You constrict the white imp, but do no damage.
The white imp closely misses you. The white imp hits you.
* * * LOW HITPOINT WARNING * * *
The white imp freezes you.
* * * LOW HITPOINT WARNING * * *
It was a potion of curing.
You feel better.
Xom thinks this is hilarious!
You constrict the white imp, but do no damage.
You constrict the white imp.
You kill the white imp!
The white imp barely misses you.
You hit the white imp but do no damage.
The white imp is severely wounded.
You constrict the white imp. The white imp gestures at you.
The puff of frost hits you!
Ouch! That really hurt!
You die...

#.............#.....#####.
#.............#.#.#.# #.
###############.#.#.# #.
#..........##.#.#.## #.
#..........##.#.#..#####
#..........##........###
#_._.......##...##.#.#..
#......5...##......#.#.#
#......@...##..####..#.#
#....._....##...........
####..........###.###...##.
#.............# #.###......
#.............###.#....##.#
#........[_............#...
#......#####...........####
#......# #...........#...
#......# #...........#.#.


You could see a white imp (summoned).

Vanquished Creatures
  A bat (D:1)
  A goblin (D:1)
  2 hobgoblins (D:1)
  3 kobolds (D:1)
  A rat (D:1)
8 creatures vanquished.

Notes
Turn   | Place    | Note
-------+----------+-------------------------------------------
     0 | D:1      | MrRokkomies the Octopode Chaos Knight began the quest for
                  | the Orb.
     0 | D:1      | Reached XP level 1. HP: 16/16 MP: 1/1
   280 | D:1      | Reached XP level 2. HP: 21/21 MP: 2/2
   528 | D:1      | XOM: cloud trail
   577 | D:1      | XOM: scenery: 1 doors close
   628 | D:1      | XOM: silly message
  1249 | D:1      | XOM is BORED!
  1632 | D:1      | XOM: scenery: summon butterflies
  1829 | D:1      | XOM: scenery: create altars
  2702 | D:1      | XOM: torment (12/21 hp)
  2724 | D:1      | XOM: noise
  3143 | D:1      | XOM: summons 2 hostile demons
  3147 | D:1      | HP: 1/21 [white imp[Xom] (2)]
  3149 | D:1      | Killed from afar by a white imp

Illustrated notes

Levels and vault maps discovered:
D:1:      dpeg_arrival_more_subterranean_lakeside_camping, layout_basic,
          chequers_serial_rivers_large_a, minmay_hedge_maze

Action                   || total
-------------------------++-------
Melee: Falchion          ||    14
       Constrict         ||     5
       Tentacles         ||     2
  Use: Potion            ||     1
 Stab: Sleeping          ||     2
Dodge: Dodged            ||    13
       Rpst.: Falchion   ||     5

Table legend: (Time is in decaauts)
 A = Elapsed time spent in this place.
 B = Non-inter-level travel time spent in this place.
 C = Inter-level travel time spent in this place.
 D = Time resting spent in this place.
 E = Time spent auto-exploring this place.
 F = Levels seen in this place.
 G = Mean time per level.
                   A        B        C        D        E       F      G
               +--------+--------+--------+--------+--------+-----+--------+
         Total |   3150 |   3150 |      0 |   2456 |    603 |   1 | 3150.0 |
       Dungeon |   3150 |   3150 |      0 |   2456 |    603 |   1 | 3150.0 |
               +--------+--------+--------+--------+--------+-----+--------+

Top non-repeatable levels by time:
     D:1: 3150 daAuts
